 Dungeon Sprint DCSS version 0.17.1-3-g152610e (webtiles) character file.

12502 hexophile the Tortoise (level 12, -12/123 HPs)
             Began as a Formicid Fighter on Apr 17, 2016.
             Was the Champion of Makhleb.
             Mangled by a merfolk impaler
             ... wielding a cursed -3 trident
              (13 damage)
             ... in the Dungeon (Sprint V: "Ziggurat Sprint").
             The game lasted 00:04:55 (1079 turns).

hexophile the Tortoise (Formicid Fighter)           Turns: 1079, Time: 00:04:55

Health: -12/123    AC: 26    Str: 45    XL:     12   Next: 21%
Magic:  12/12      EV:  3    Int:  9    God:    Makhleb [******]
Gold:   0          SH: 34    Dex: 10    Spells: 0 memorised, 11 levels left

rFire  + . .     SeeInvis +     K - +14 obsidian axe {chop, +Fly Str+3 SInv *Curse} (curse)
rCold  + . .     Clarity  .     e - +5 gold dragon armour {rC+ rF+ rPois}
rNeg   + . .     SustAt   .     J - +18 shield of the gong {rElec rN+ MR+ EV-5}
rPois  +         Gourm    .     (helmet unavailable)
rElec  +         Spirit   .     (no cloak)
rCorr  .         Warding  .     (no gloves)
rMut   .         Stasis   +     (no boots)
MR     ++...                    G - amulet of Vitality {Regen+ HP+15}
Stlth  ..........               b - +6 ring of strength
                                a - +6 ring of strength

@: mighty, lethally poisoned (-12 -> -24), afraid, mesmerised, very resistant to
hostile enchantments, extremely unstealthy
A: permanent stasis, dig shafts and tunnels, four strong arms, antennae 3
a: Dig, Minor Destruction, Lesser Servant of Makhleb, Major Destruction, Greater
Servant of Makhleb, Renounce Religion, Evoke Flight


You were in the Dungeon.
You worshipped Makhleb.
Makhleb was exalted by your worship.
You were hungry.

You visited 1 branch


Innate Abilities, Weirdness & Mutations

You are under a permanent stasis effect.
You can dig through walls and to a lower floor.
Your four strong arms can wield two-handed weapons with a shield.
You have a pair of large antennae on your head (SInv).

Inventory:

Hand Weapons
 l - a +5 executioner's axe of flaming
 K - the cursed +14 obsidian axe (weapon) {chop, +Fly Str+3 SInv *Curse}
   (You found it in the Dungeon)

   It inflicts extra damage upon your enemies.
   It affects your strength (+3).
   It lets you see invisible.
   It lets you fly.
   It may re-curse itself when equipped.
   It has a curse placed upon it.
Armour
 e - a +5 gold dragon armour (worn) {rC+ rF+ rPois}
 J - the +18 shield of the gong (worn) {rElec rN+ MR+ EV-5}
   (You found it in the Dungeon)

   It affects your evasion (-5).
   It insulates you from electricity.
   It protects you from negative energy.
   It affects your resistance to hostile enchantments.
Jewellery
 a - a +6 ring of strength (left hand)
 b - a +6 ring of strength (right hand)
 k - the ring "Babeekhagua" {rPois MR+ Int+6 Stlth+}
   (You found it in the Dungeon)

   [ring of poison resistance]

   It affects your intelligence (+6).
   It protects you from poison.
   It affects your resistance to hostile enchantments.
   It makes you more stealthy.
 G - the amulet of Vitality (around neck) {Regen+ HP+15}
   (You found it in the Dungeon)

   [amulet of regeneration]

   It affects your health (+15).
   It increases your rate of regeneration.
Wands
 c - a wand of disintegration (7)
 B - a wand of fire (5)
 C - a wand of cold (5)
 D - a wand of draining (5)
Scrolls
 o - 3 scrolls of recharging
 p - 7 scrolls of fog
 q - a scroll of holy word
 s - 5 scrolls of identify
 t - 5 scrolls of remove curse
 u - 2 scrolls of fear
Potions
 d - 4 potions of might {Str+5 DMG+1d10}
 g - 10 potions of heal wounds
 h - 6 potions of haste
 i - 7 potions of magic
 j - 3 potions of berserk rage
 w - 2 potions of invisibility
 x - 4 potions of resistance {rF+ rC+ rPois rElec rCorr}
 y - 2 potions of brilliance {Archmagi Int+5 Wiz++}
 z - 10 potions of curing
 A - 4 potions of agility {Stlth+ Dex+5 EV+5}
Miscellaneous
 f - a fan of gales
 v - a disc of storms
 E - a lamp of fire
 F - a phial of floods
Comestibles
 m - 42 fruits
 n - 4 meat rations
 r - 5 bread rations


You had 11 spell levels left.
You didn't know any spells.


   Skills:
 * Level 14.7 Fighting
 * Level 17.2 Axes
 * Level 17.5 Armour
 * Level 15.8 Shields

Dungeon Overview and Level Annotations

Branches:
Dungeon (1/1)

Altars:
Ashenzari
Cheibriados
Dithmenos
Elyvilon
Fedhas
Gozag
Kikubaaqudgha
Makhleb
Nemelex Xobeh
Okawaru
Qazlal
Ru
Sif Muna
Trog
Vehumet
Xom
Yredelemnul
Zin
The Shining One
Beogh
Jiyva
Lugonu

Vault maps used:
D:        sprint_v
You       could see a merfolk avatar, 2 merfolk impalers, a merfolk javelineer,
          a satyr, 3 snapping turtles, a merfolk (roused), a faun (roused) and a
          friendly red devil.


Message History

You block the snapping turtle's attack.
GONNNNG!
Things that are here:
a trident of holy wrath; a glowing robe; a merfolk corpse You hit the merfolk javelineer.
The merfolk javelineer is lightly wounded.
Your gold dragon armour prevents you from hitting the snapping turtle.
You closely miss the merfolk impaler.
You feel sick. You block the merfolk impaler's attack.
GONNNNG!
You block the snapping turtle's attack.
GONNNNG!
The snapping turtle bites you!!
* * * LOW HITPOINT WARNING * * *
The merfolk hits you from afar with a trident.
* * * LOW HITPOINT WARNING * * *
You block the merfolk impaler's attack.
BONNNG!
The merfolk avatar chants a haunting song.
You resist.
You cannot move away from the merfolk javelineer!
You lost 25 HP.
You have now: 38/123 HP.
You are too injured to fight recklessly!
Unknown command.
Unknown command.
You are too injured to fight recklessly!
Unknown command.
Unknown command.
Drink which item? (? for menu, Esc to quit)
You feel very mighty all of a sudden.
Visions of slaying the merfolk impaler flood into your mind.
You feel sick.
The merfolk impaler hits you from afar with a trident!
* * * LOW HITPOINT WARNING * * *
The merfolk javelineer throws a javelin of penetration.
The javelin of penetration pierces through you!
* * * LOW HITPOINT WARNING * * *
You hear a splash.
The satyr shoots an arrow.
PTOANNNG!
You block the arrow.
The snapping turtle bites you but does no damage.
You block the snapping turtle's attack.
GONNNNG!
The merfolk impaler hits you with a demon trident of venom!
* * * LOW HITPOINT WARNING * * *
The snapping turtle bites you.
* * * LOW HITPOINT WARNING * * *
The merfolk impaler hits you from afar with a trident!
You die...

Action                   |  1- 3 |  4- 6 |  7- 9 | 10-12 || total
-------------------------+-------+-------+-------+-------++-------
Melee: Broad axe         |     2 |    21 |    25 |    54 ||   102
  Use: Potion            |     1 |       |       |     3 ||     4
       Scroll            |       |     1 |       |       ||     1
 Stab: Distracted        |       |       |       |     2 ||     2

Notes
Turn   | Place    | Note
--------------------------------------------------------------
     0 | D        | hexophile the Formicid Fighter began the quest for the Orb.
     0 | D        | Reached XP level 1. HP: 18/18 MP: 1/1
     0 | D        | Found an iron altar of Okawaru.
     0 | D        | Found a burning altar of Makhleb.
     0 | D        | Found a radiant altar of Vehumet.
     0 | D        | Found a deep blue altar of Sif Muna.
     0 | D        | Found a shimmering altar of Xom.
     8 | D        | Banished a spatial maelstrom
    11 | D        | Found a corrupted altar of Lugonu.
    11 | D        | Found a white marble altar of Elyvilon.
    11 | D        | Found a roughly hewn altar of Beogh.
    11 | D        | Found a sparkling altar of Nemelex Xobeh.
    11 | D        | Found a viscous altar of Jiyva.
    11 | D        | Found a bloodstained altar of Trog.
    58 | D        | Became a worshipper of Makhleb the Destroyer
    83 | D        | Reached skill level 7 in Axes
    83 | D        | Reached XP level 2. HP: 24/24 MP: 2/2
   106 | D        | Entered arena 1.
   106 | D        | Noticed an orc priest
   106 | D        | Noticed an orc wizard
   109 | D        | Killed an orc priest
   109 | D        | Reached skill level 8 in Axes
   109 | D        | Reached XP level 3. HP: 8/29 MP: 3/3
   109 | D        | Killed an orc wizard
   109 | D        | Reached * piety under Makhleb
   109 | D        | Reached skill level 9 in Axes
   109 | D        | Reached XP level 4. HP: 9/35 MP: 4/4
   392 | D        | Entered arena 2.
   396 | D        | Reached ** piety under Makhleb
   401 | D        | Entered arena 3.
   401 | D        | Noticed a crimson imp
   401 | D        | Noticed a quasit
   401 | D        | Noticed an iron imp
   405 | D        | Killed a quasit
   405 | D        | Reached skill level 10 in Axes
   405 | D        | Reached XP level 5. HP: 35/41 MP: 5/5
   405 | D        | Killed an iron imp
   405 | D        | Reached skill level 11 in Axes
   405 | D        | Killed a crimson imp
   405 | D        | Reached *** piety under Makhleb
   418 | D        | Entered arena 4.
   422 | D        | Reached skill level 12 in Axes
   422 | D        | Reached XP level 6. HP: 47/47 MP: 6/6
   423 | D        | Reached **** piety under Makhleb
   423 | D        | Noticed a sun demon
   434 | D        | Got the ring "Babeekhagua" {rPois MR+ Int+6 Stlth+}
   600 | D        | Entered arena 5.
   600 | D        | Noticed a quasit
   600 | D        | Noticed an iron imp
   600 | D        | Noticed a quasit
   602 | D        | Killed a quasit
   602 | D        | Reached skill level 4 in Shields
   604 | D        | Killed a quasit
   604 | D        | Reached ***** piety under Makhleb
   604 | D        | Reached skill level 4 in Fighting
   604 | D        | Reached skill level 4 in Armour
   604 | D        | Killed an iron imp
   604 | D        | Reached skill level 5 in Shields
   609 | D        | Entered arena 6.
   609 | D        | Noticed a hell hog
   609 | D        | Noticed a fire elemental
   609 | D        | Noticed a fire drake
   609 | D        | Noticed a fire drake
   609 | D        | Noticed an efreet
   612 | D        | Killed a fire drake
   612 | D        | Reached skill level 6 in Fighting
   612 | D        | Reached skill level 6 in Armour
   612 | D        | Reached skill level 6 in Shields
   612 | D        | Reached XP level 7. HP: 54/58 MP: 7/7
   614 | D        | Killed a fire drake
   614 | D        | Reached skill level 7 in Fighting
   614 | D        | Reached skill level 13 in Axes
   614 | D        | Reached skill level 7 in Armour
   614 | D        | Reached skill level 7 in Shields
   614 | D        | Reached XP level 8. HP: 60/67 MP: 8/8
   615 | D        | Killed a fire elemental
   615 | D        | Reached skill level 8 in Shields
   618 | D        | Killed a hell hog
   618 | D        | Reached skill level 8 in Fighting
   618 | D        | Reached skill level 8 in Armour
   618 | D        | Reached skill level 9 in Shields
   618 | D        | Reached XP level 9. HP: 50/75 MP: 9/9
   620 | D        | Killed an efreet
   620 | D        | Reached skill level 9 in Fighting
   620 | D        | Reached skill level 14 in Axes
   620 | D        | Reached skill level 9 in Armour
   620 | D        | Reached skill level 10 in Shields
   920 | D        | Entered arena 7.
   920 | D        | Noticed an orc priest
   920 | D        | Noticed an orc priest
   920 | D        | Noticed an orc priest
   920 | D        | Noticed an orc priest
   920 | D        | Noticed an orc wizard
   923 | D        | Killed an orc priest
   924 | D        | Killed an orc priest
   925 | D        | Reached ****** piety under Makhleb
   925 | D        | Killed an orc wizard
   927 | D        | Killed an orc priest
   928 | D        | Killed an orc priest
   933 | D        | Entered arena 8.
   933 | D        | Noticed a green death
   933 | D        | Noticed a jelly
   933 | D        | Noticed an iron imp
   933 | D        | Noticed an iron imp
   937 | D        | Killed a jelly
   939 | D        | Killed an iron imp
   940 | D        | Reached skill level 10 in Armour
   941 | D        | Killed an iron imp
   944 | D        | Killed a green death
   944 | D        | Reached skill level 10 in Fighting
   944 | D        | Reached skill level 11 in Armour
   944 | D        | Reached skill level 11 in Shields
   953 | D        | Entered arena 9.
   953 | D        | Noticed a phantom
   953 | D        | Noticed a necrophage
   953 | D        | Noticed a necrophage
   953 | D        | Noticed a necrophage
   958 | D        | Reached XP level 10. HP: 76/86 MP: 10/10
   960 | D        | Killed a necrophage
   960 | D        | Killed a phantom
   962 | D        | Killed a necrophage
   962 | D        | Reached skill level 12 in Armour
   963 | D        | Killed a necrophage
   977 | D        | Entered arena 10.
   977 | D        | Noticed a komodo dragon
   977 | D        | Noticed a giant frog
   977 | D        | Noticed a yak
   977 | D        | Noticed a basilisk
   977 | D        | Noticed a porcupine
   977 | D        | Noticed a giant frog
   980 | D        | Killed a giant frog
   981 | D        | Killed a giant frog
   981 | D        | Reached skill level 11 in Fighting
   982 | D        | Killed a komodo dragon
   982 | D        | Reached skill level 15 in Axes
   982 | D        | Reached skill level 12 in Shields
   984 | D        | Killed a yak
   985 | D        | Killed a porcupine
   987 | D        | Killed a basilisk
   987 | D        | Reached skill level 13 in Armour
   996 | D        | Entered arena 11.
   996 | D        | Noticed a crystal guardian
   996 | D        | Noticed an iron golem
   996 | D        | Noticed an iron golem
   996 | D        | Noticed an earth elemental
   996 | D        | Noticed an iron golem
   997 | D        | Noticed an earth elemental
   997 | D        | Noticed a crystal guardian
   997 | D        | Noticed an iron dragon
   997 | D        | Noticed an iron golem
   997 | D        | Noticed an iron golem
  1002 | D        | Killed a crystal guardian
  1007 | D        | Killed an iron golem
  1007 | D        | Reached skill level 12 in Fighting
  1007 | D        | Reached skill level 14 in Armour
  1007 | D        | Reached skill level 13 in Shields
  1010 | D        | Killed an iron golem
  1010 | D        | Reached XP level 11. HP: 96/96 MP: 11/11
  1011 | D        | Killed an earth elemental
  1012 | D        | Killed a crystal guardian
  1012 | D        | Reached skill level 16 in Axes
  1012 | D        | Reached skill level 15 in Armour
  1012 | D        | Killed an earth elemental
  1015 | D        | Killed an iron golem
  1015 | D        | Reached skill level 13 in Fighting
  1015 | D        | Reached skill level 14 in Shields
  1019 | D        | Killed an iron dragon
  1019 | D        | Reached skill level 16 in Armour
  1019 | D        | Killed an iron golem
  1020 | D        | Killed an iron golem
  1029 | D        | Got the ring "Lorinn" {*Contam rPois rC+ Str+2}
  1034 | D        | Got the +2 large shield "Tuob" {Stlth+}
  1039 | D        | Entered arena 12.
  1039 | D        | Noticed a worldbinder
  1039 | D        | Noticed a quasit
  1039 | D        | Noticed a wraith
  1039 | D        | Noticed an apocalypse crab
  1040 | D        | Noticed a hellwing
  1040 | D        | Noticed a large abomination
  1040 | D        | Noticed a smoke demon
  1041 | D        | Noticed an orange demon
  1042 | D        | Noticed an alligator
  1044 | D        | Killed a wraith
  1047 | D        | Killed a worldbinder
  1047 | D        | Reached skill level 14 in Fighting
  1047 | D        | Reached skill level 15 in Shields
  1047 | D        | Killed a smoke demon
  1047 | D        | Reached skill level 17 in Armour
  1048 | D        | Killed an apocalypse crab
  1049 | D        | Killed a large abomination
  1049 | D        | Killed a hellwing
  1051 | D        | Killed a quasit
  1053 | D        | Killed an orange demon
  1053 | D        | Reached XP level 12. HP: 108/108 MP: 12/12
  1062 | D        | Got the +5 shortbow of the Messenger {speed, rPois rF+ MR+}
  1064 | D        | Entered arena 13.
  1065 | D        | Noticed a merfolk impaler
  1065 | D        | Noticed a snapping turtle
  1065 | D        | Noticed a merfolk avatar
  1065 | D        | Noticed a merfolk impaler
  1065 | D        | Noticed a satyr
  1065 | D        | Noticed a merfolk javelineer
  1065 | D        | Noticed a merfolk impaler
  1065 | D        | Noticed a merfolk
  1065 | D        | Noticed a faun
  1066 | D        | Noticed a snapping turtle
  1067 | D        | Noticed a snapping turtle
  1067 | D        | Noticed a merfolk impaler
  1076 | D        | Killed a merfolk impaler
  1076 | D        | Reached skill level 17 in Axes
  1076 | D        | Killed a merfolk impaler
  1079 | D        | HP: 1/123 [snapping turtle (6)]
  1079 | D        | Mangled by a merfolk impaler

Table legend:
 A = Turns spent in this place as a percentage of turns spent in the entire game.
 B = Non-inter-level travel turns spent in this place as a percentage of non-inter-level travel turns spent in the entire game.
 C = Inter-level travel turns spent in this place as a percentage of turns spent in this place.
 D = Turns resting spent in this place as a percentage of non-inter-level travel turns spent in this place.
 E = Turns spent auto-exploring this place as a percentage of non-inter-level travel turns spent in this place.
 F = Non-inter-level travel turns spent in this place divided by the number of levels of this place that you've seen.
                   A       B       C       D       E      F
               +-------+-------+-------+-------+-------+----------------------
         Total | 100.0 | 100.0 |   0.0 |   6.9 |   0.0 | 423.0
       Dungeon | 100.0 | 100.0 |   0.0 |   6.9 |   0.0 | 423.0
               +-------+-------+-------+-------+-------+----------------------

Table legend:
 A = Kills in this place as a percentage of kills in entire the game.
 B = Kills by you in this place as a percentage of kills by you in the entire game.
 C = Kills by friends in this place as a percentage of kills by friends in the entire game.
 D = Other kills in this place as a percentage of other kills in the entire game.
 E = Experience gained in this place as a percentage of experience gained in the entire game.
 F = Experience gained in this place divided by the number of levels of this place that you have seen.
                   A       B       C       D       E      F
               +-------+-------+-------+-------+-------+----------------------
         Total | 100.0 | 100.0 | 100.0 |  -nan | 100.0 | 17852.0
       Dungeon | 100.0 | 100.0 | 100.0 |  -nan | 100.0 | 17852.0
               +-------+-------+-------+-------+-------+----------------------

Vanquished Creatures
  An iron dragon (D)
  A green death (D)
  2 merfolk impalers (D)
  2 crystal guardians (D)
  A hell hog (D)
  5 iron golems (D)
  A worldbinder (D)
  An orange demon (D)
  An apocalypse crab (D)
  An efreet (D)
  A smoke demon (D)
  A komodo dragon (D)
  2 fire drakes (D)
  A wraith (D)
  A yak (D)
  A basilisk (D)
  A fire elemental (D)
  A porcupine (D)
  A phantom (D)
  3 necrophages (D)
  2 giant frogs (D)
  2 earth elementals (D)
  A jelly (D)
  A crimson imp (D)
  3 iron imps (D)
  2 orc wizards (D)
  4 quasits (D)
  4 orc priests (D)
  A small abomination (D)
  2 mummies (D)
  4 shadow imps (D)
  An adder (D)
  A river rat (D)
  2 white imps (D)
  An adder skeleton (D)
  2 adder zombies (D)
  An orc (D)
  2 ball pythons (D)
  A bat zombie (D)
  2 jackals (D)
  A giant cockroach zombie (D)
  A giant gecko zombie (D)
70 creatures vanquished.

Vanquished Creatures (collateral kills)
  A hellwing (D)
  A large abomination (D)
  An orc priest (D)
  An iron imp (D)
  A white imp (D)
  An ufetubus (D)
6 creatures vanquished.

Vanquished Creatures (others)
  A spatial maelstrom (D)
  A fire vortex (D)
2 creatures vanquished.

Grand Total: 78 creatures vanquished
